NEW YORK Islanders vs NEW JERSEY Devils

Created - 15 avril 2024 at 23:29

Goals
1 2 3 T
NEW YORK Islanders 1 1 0 2
NEW JERSEY Devils 1 1 2 4
Shots
1 2 3 T
NEW YORK Islanders 16 10 7 33
NEW JERSEY Devils 15 6 8 29

1st period

1. NEW JERSEY Devils , Kyle Okposo 21 (Ryan Donato 23) at 9:06
2. NEW YORK Islanders , Sean Kuraly 12 (Ethan Bear 38, Ilya Lyubushkin 17) at 13:04

Penalties :
Connor Brown (NJD) for Tripping (Minor) at 2:47

2nd period

3. NEW JERSEY Devils , James van Riemsdyk 11 (J.T. Compher 32, Adam Boqvist 48) at 0:41 (PP)
4. NEW YORK Islanders , Erik Cernak 10 (Vincent Trocheck 41, Nikolaj Ehlers 33) at 19:37

Penalties :
Erik Cernak (NYI) for Cross-checking (Minor) at 0:16, Oskar Lindblom (NJD) for Tripping (Minor) at 4:01, Bowen Byram (NJD) for High sticking (Minor) at 10:53, Jesper Fast (NYI) for High sticking (Minor) at 13:54, Alexander Petrovic (NJD) for Roughing (Minor) at 16:22

3rd period

5. NEW JERSEY Devils , Adam Boqvist 9 (Jon Merrill 27, Kyle Okposo 41) at 14:10 (PP)
6. NEW JERSEY Devils , Chris Wideman 5 (Ryan Donato 24, Alexander Petrovic 6) at 16:01

Penalties :
Jacob Trouba (NYI) for Holding (Minor) at 0:04, Kyle Okposo (NJD) for Hooking (Minor) at 11:00, Erik Cernak (NYI) for Boarding (Minor) at 13:26, Bowen Byram (NJD) for Roughing (Minor) at 18:10, Dillon Dube (NYI) for Slashing (Minor) at 19:28

Goalie Stats

Ilya Sorokin (NYI), 25 saves from 29 shots - (0,862), L, 41-35-5, 60:00 minutes
Jake Allen (NJD), 31 saves from 33 shots - (0,939), W, 31-22-6, 60:00 minutes

Players Stats for NEW YORK Islanders

Player Name              G  A  P  +/- PIM S  H  SB GA TA FO     MP     PP MP  PK MP  
------------------------------------------------------------------------------------
Braden Schneider         0  0  0  -1  0   2  2  0  0  0  0/0    21:32   3:50   2:05 
Dillon Dube              0  0  0  -1  2   2  4  0  0  0  12/25  17:57   5:50   1:20 
Erik Cernak              1  0  1   0  4   3  3  3  0  0  0/0    24:40   6:47   2:21 
Ethan Bear               0  1  1   1  0   3  0  0  0  0  0/0    17:12   4:26   0:17 
Gustav Nyquist           0  0  0  -1  0   0  0  0  0  0  1/2    15:10   0:36   3:47 
Ilya Lyubushkin          0  1  1   1  0   0  0  1  0  0  0/0    15:05   0:00   2:05 
Jacob Trouba             0  0  0   0  2   2  5  1  0  0  0/0    24:07   6:47   1:47 
Jesper Fast              0  0  0   0  2   2  0  0  0  0  0/0     9:07   0:00   0:35 
Kirby Dach               0  0  0   0  0   1  1  0  0  0  5/11   14:24   5:51   0:00 
Lucas Raymond            0  0  0  -1  0   2  0  0  0  0  2/3    16:09   5:22   0:00 
Michael McLeod           0  0  0   1  0   0  1  0  0  0  1/1     8:05   0:00   0:00 
Nikolaj Ehlers           0  1  1   0  0   2  0  0  0  0  0/0    21:44   5:15   0:45 
Nino Niederreiter        0  0  0   0  0   4  0  1  0  0  1/1    21:37   5:22   0:00 
Pius Suter               0  0  0   1  0   0  0  0  0  0  2/9     8:05   0:00   0:00 
Sean Kuraly              1  0  1   1  0   2  2  0  0  0  4/6    11:16   0:00   3:11 
Sebastian D Aho          0  0  0  -1  0   0  1  2  0  0  0/0    17:21   0:36   1:39 
Victor Olofsson          0  0  0   0  0   2  0  0  0  0  0/1     8:33   0:00   0:00 
Vincent Trocheck         0  1  1   0  0   6  2  0  0  0  24/35  22:13   5:22   0:36 

Players Stats for NEW JERSEY Devils

Player Name              G  A  P  +/- PIM S  H  SB GA TA FO     MP     PP MP  PK MP  
------------------------------------------------------------------------------------
Adam Boqvist             1  1  2   0  0   3  0  2  0  0  0/0    25:37   3:16   5:37 
Alexander Petrovic       0  1  1   1  2   0  3  2  0  0  0/0    13:00   0:00   0:00 
Andreas Athanasiou       0  0  0   0  0   2  2  0  0  0  1/1    15:43   1:31   1:10 
Bowen Byram              0  0  0  -1  4   2  2  0  0  0  0/0    19:49   1:51   4:05 
Chris Wideman            1  0  1   1  0   1  0  0  0  0  0/0    14:32   0:00   1:31 
Connor Brown             0  0  0  -1  2   0  0  0  0  0  0/0     4:13   0:00   0:00 
Gabriel Landeskog        0  0  0   0  0   0  0  0  0  0  0/0     0:00   0:00   0:00 
J.T. Compher             0  1  1  -1  0   4  2  2  0  0  2/6    21:40   3:36   3:26 
Jack Hughes              0  0  0  -1  0   4  1  0  0  0  16/39  25:00   2:38   7:13 
Jake Bean                0  0  0  -1  0   1  1  2  0  0  0/0    21:22   1:51   5:36 
James van Riemsdyk       1  0  1  -1  0   1  5  0  0  0  0/1    25:00   2:38   7:13 
Joel Armia               0  0  0   0  0   0  3  0  0  0  1/1    13:36   0:00   0:34 
Jon Merrill              0  1  1   0  0   1  5  4  0  0  0/0    25:37   3:16   5:37 
Kyle Okposo              1  1  2   2  2   3  0  0  0  0  0/0    13:43   2:29   0:00 
Miles Wood               0  0  0  -1  0   1  0  0  0  0  0/0     4:14   0:00   0:00 
Oskar Lindblom           0  0  0   2  2   4  1  0  0  0  1/1    16:33   2:29   2:50 
Ryan Donato              0  2  2   2  0   1  1  0  0  0  12/21  11:15   0:00   0:00 
Thomas Novak             0  0  0  -1  0   1  0  1  0  0  9/24   17:16   0:00   0:00 

3 Stars

1 - Ryan Donato (NJD)
2 - Adam Boqvist (NJD)
3 - Kyle Okposo (NJD)

Power Play

NEW YORK Islanders - 0 on 6 Attempt(s) - 0,00%
NEW JERSEY Devils - 2 on 5 Attempt(s) - 40,00%

Penalty Kill

NEW YORK Islanders - 3 on 5 Attempt(s) - 60,00% - Score 0 goal in Penalty Kill
NEW JERSEY Devils - 6 on 6 Attempt(s) - 100,00% - Score 0 goal in Penalty Kill

Team Stat

NEW YORK Islanders - Hits : 21 - Faceoff Wins : 52 - Blocked Shots : 8 - Penalty Minutes : 10
NEW JERSEY Devils - Hits : 26 - Faceoff Wins : 42 - Blocked Shots : 13 - Penalty Minutes : 12

Official

Referees : Kelly Cooke and Justin St. Pierre
Linesman : Travis Gawryletz and Owen Gidlow

Game Notes

No Game Note

Finance

Level 1 -- Attendance: 4883 (69,76%) -- Ticket Income $488,300
Level 2 -- Attendance: 5006 (71,51%) -- Ticket Income $270,324
Level 3 -- Attendance: 2962 (59,24%) -- Ticket Income $62,202
Level 4 -- Attendance: 4520 (90,40%) -- Ticket Income $90,400
Luxury Box -- Attendance: 1020 (85,00%) -- Ticket Income $173,400
Game was played at the Prudential Center.
Total Attendance: 18391 (72,98%)
Total Ticket Income: $1,084,626
Other Income: $271,156
Total Income: $1,355,782

NEW YORK Islanders

5 vs 5 Forward 
   Center                   Left Wing                Right Wing               Time % Phy DF OF 
 1 Vincent Trocheck         Nino Niederreiter        Nikolaj Ehlers           40     1   2  2  
 2 Dillon Dube              Gustav Nyquist           Lucas Raymond            30     1   2  2  
 3 Kirby Dach               Victor Olofsson          Jesper Fast              20     1   2  2  
 4 Pius Suter               Sean Kuraly              Michael McLeod           10     1   2  2  

5 vs 5 Defense 
   Defense                  Defense                                           Time % Phy DF OF 
 1 Jacob Trouba             Erik Cernak                                       40     1   2  2  
 2 Sebastian D Aho          Braden Schneider                                  30     1   2  2  
 3 Ilya Lyubushkin          Ethan Bear                                        20     1   2  2  
 4 Erik Cernak              Jacob Trouba                                      10     1   2  2  

PowerPlay Forward 
   Center                   Left Wing                Right Wing               Time % Phy DF OF 
 1 Vincent Trocheck         Lucas Raymond            Nino Niederreiter        70     1   2  2  
 2 Dillon Dube              Nikolaj Ehlers           Kirby Dach               30     1   2  2  

PowerPlay Defense
   Defense                  Defense                                           Time % Phy DF OF 
 1 Jacob Trouba             Erik Cernak                                       60     1   2  2  
 2 Ethan Bear               Braden Schneider                                  40     1   2  2  

Penalty Kill 4 Players Forward 
   Center                   Wing                     Time % Phy DF OF 
 1 Sean Kuraly              Gustav Nyquist           60     1   2  2  
 2 Dillon Dube              Jesper Fast              40     1   2  2  

Penalty Kill 4 Players Defense
   Defense                  Defense                  Time % Phy DF OF 
 1 Jacob Trouba             Erik Cernak              60     1   2  2  
 2 Braden Schneider         Ilya Lyubushkin          40     1   2  2  

Penalty Kill - 3 Players Forward 
   Forward                                           Time % Phy DF OF 
 1 Pius Suter                                        60     1   2  2  
 2 Vincent Trocheck                                  40     1   2  2  

Penalty Kill - 3 Players Defense
   Defense                  Defense                  Time % Phy DF OF 
 1 Jacob Trouba             Erik Cernak              60     1   2  2  
 2 Ilya Lyubushkin          Sebastian D Aho          40     1   2  2  

4 vs 4 Forward 
   Center                   Wing                     Time % Phy DF OF 
 1 Vincent Trocheck         Nino Niederreiter        60     1   2  2  
 2 Pius Suter               Victor Olofsson          40     1   2  2  

4 vs 4 Defense
   Defense                  Defense                  Time % Phy DF OF 
 1 Jacob Trouba             Erik Cernak              60     1   2  2  
 2 Ilya Lyubushkin          Braden Schneider         40     1   2  2  

Last Minutes Offensive
   Center                   Left Wing                Right Wing               Defense                  Defense                  
   Vincent Trocheck         Nino Niederreiter        Nikolaj Ehlers           Jacob Trouba             Erik Cernak              

Last Minutes Defensive
   Center                   Left Wing                Right Wing               Defense                  Defense                  
   Vincent Trocheck         Nino Niederreiter        Lucas Raymond            Jacob Trouba             Erik Cernak              

Goaltenders
Starting : Ilya Sorokin             
Backup : Anton Khudobin           

Extra Forwards
Normal : Vincent Trocheck, Nino Niederreiter, Lucas Raymond - PP : Nikolaj Ehlers, Kirby Dach - PK : Sean Kuraly
Extra Defensemen
Normal : Ethan Bear, Jacob Trouba, Braden Schneider - PP : Ethan Bear - PK : Erik Cernak, Sebastian D Aho
Penalty Shots
Nino Niederreiter, Vincent Trocheck, Lucas Raymond, Nikolaj Ehlers, Victor Olofsson

Scratches
Adam Ruzicka (Healthy), Brett Connolly (Healthy), Jay Beagle (Healthy), Zack Kassian (Healthy)

NEW JERSEY Devils

5 vs 5 Forward 
   Center                   Left Wing                Right Wing               Time % Phy DF OF 
 1 Jack Hughes              James van Riemsdyk       J.T. Compher             40     2   1  2  
 2 Thomas Novak             Joel Armia               Andreas Athanasiou       30     1   2  2  
 3 Ryan Donato              Oskar Lindblom           Kyle Okposo              20     2   2  1  
 4 Thomas Novak             Miles Wood               Connor Brown             10     2   1  2  

5 vs 5 Defense 
   Defense                  Defense                                           Time % Phy DF OF 
 1 Jon Merrill              Adam Boqvist                                      40     2   2  1  
 2 Bowen Byram              Jake Bean                                         30     2   2  1  
 3 Chris Wideman            Alexander Petrovic                                20     2   2  1  
 4 Jon Merrill              Adam Boqvist                                      10     1   2  2  

PowerPlay Forward 
   Center                   Left Wing                Right Wing               Time % Phy DF OF 
 1 Jack Hughes              James van Riemsdyk       J.T. Compher             60     1   2  2  
 2 J.T. Compher             Oskar Lindblom           Kyle Okposo              40     1   2  2  

PowerPlay Defense
   Defense                  Defense                                           Time % Phy DF OF 
 1 Jon Merrill              Adam Boqvist                                      60     1   2  2  
 2 Bowen Byram              Jake Bean                                         40     1   2  2  

Penalty Kill 4 Players Forward 
   Center                   Wing                     Time % Phy DF OF 
 1 Jack Hughes              James van Riemsdyk       60     1   2  2  
 2 J.T. Compher             Oskar Lindblom           40     1   2  2  

Penalty Kill 4 Players Defense
   Defense                  Defense                  Time % Phy DF OF 
 1 Jon Merrill              Adam Boqvist             60     1   2  2  
 2 Bowen Byram              Jake Bean                40     1   2  2  

Penalty Kill - 3 Players Forward 
   Forward                                           Time % Phy DF OF 
 1 Jack Hughes                                       60     1   2  2  
 2 J.T. Compher                                      40     1   2  2  

Penalty Kill - 3 Players Defense
   Defense                  Defense                  Time % Phy DF OF 
 1 Jon Merrill              Adam Boqvist             60     1   2  2  
 2 Bowen Byram              Jake Bean                40     1   2  2  

4 vs 4 Forward 
   Center                   Wing                     Time % Phy DF OF 
 1 Jack Hughes              James van Riemsdyk       60     1   2  2  
 2 J.T. Compher             Oskar Lindblom           40     1   2  2  

4 vs 4 Defense
   Defense                  Defense                  Time % Phy DF OF 
 1 Jon Merrill              Adam Boqvist             60     1   2  2  
 2 Bowen Byram              Jake Bean                40     1   2  2  

Last Minutes Offensive
   Center                   Left Wing                Right Wing               Defense                  Defense                  
   Jack Hughes              James van Riemsdyk       J.T. Compher             Jon Merrill              Adam Boqvist             

Last Minutes Defensive
   Center                   Left Wing                Right Wing               Defense                  Defense                  
   Jack Hughes              James van Riemsdyk       J.T. Compher             Jon Merrill              Adam Boqvist             

Goaltenders
Starting : Jake Allen               
Backup : Antti Raanta             

Extra Forwards
Normal : Andreas Athanasiou, Ryan Donato, Oskar Lindblom - PP : Andreas Athanasiou, Ryan Donato - PK : Andreas Athanasiou
Extra Defensemen
Normal : Jake Bean, Chris Wideman, Alexander Petrovic - PP : Jake Bean - PK : Jake Bean, Chris Wideman
Penalty Shots
Jack Hughes, J.T. Compher, Kyle Okposo, James van Riemsdyk, Andreas Athanasiou

Scratches
Mattias Janmark (Healthy), Dustin Tokarski (Healthy)

% Time on Ice - NEW YORK Islanders

Lines # - Real PCT - Wanted PCT - Time Play
Normal Forward
1 - 36% - 40% - 15:44
2 - 25% - 30% - 10:47
3 - 20% - 20% - 8:33
4 - 19% - 10% - 8:05
Normal Defense
1 - 34% - 40% - 14:51
2 - 35% - 30% - 15:06
3 - 29% - 20% - 12:29
4 - 2% - 10% - 0:43
PP Forward
1 - 48% - 70% - 5:22
2 - 52% - 30% - 5:51
PP Defense
1 - 60% - 60% - 6:47
2 - 40% - 40% - 4:26
PK Forward
1 - 74% - 60% - 3:47
2 - 26% - 40% - 1:20
PK Defense
1 - 59% - 60% - 3:02
2 - 41% - 40% - 2:05
PK3 Forward
1 - 0% - 60%
2 - 0% - 40%
PK3 Defense
1 - 0% - 60%
2 - 0% - 40%
44 Forward
1 - 100% - 60% - 0:31
2 - 0% - 40% - 0:00
44 Defense
1 - 0% - 60% - 0:00
2 - 100% - 40% - 0:31
Last Minute Offensive  - 0:00
Last Minute Defensive  - 0:00
Total
Forward - 60:00
Defense - 60:00

% Time on Ice - NEW JERSEY Devils

Lines # - Real PCT - Wanted PCT - Time Play
Normal Forward
1 - 34% - 40% - 14:38
2 - 30% - 30% - 13:02
3 - 26% - 20% - 11:15
4 - 10% - 10% - 4:14
Normal Defense
1 - 36% - 40% - 15:25
2 - 32% - 30% - 13:55
3 - 30% - 20% - 13:01
4 - 2% - 10% - 0:48
PP Forward
1 - 51% - 60% - 2:38
2 - 49% - 40% - 2:29
PP Defense
1 - 64% - 60% - 3:16
2 - 36% - 40% - 1:51
PK Forward
1 - 69% - 60% - 7:47
2 - 31% - 40% - 3:26
PK Defense
1 - 50% - 60% - 5:37
2 - 50% - 40% - 5:36
PK3 Forward
1 - 0% - 60%
2 - 0% - 40%
PK3 Defense
1 - 0% - 60%
2 - 0% - 40%
44 Forward
1 - 100% - 60% - 0:31
2 - 0% - 40% - 0:00
44 Defense
1 - 100% - 60% - 0:31
2 - 0% - 40% - 0:00
Last Minute Offensive  - 0:00
Last Minute Defensive  - 0:00
Total
Forward - 60:00
Defense - 60:00

Play-by-Play

1st period


0:01 of 1st period - Jack Hughes wins face-off versus Vincent Trocheck in neutral zone.
0:05 of 1st period - James van Riemsdyk is hit by Jacob Trouba.
0:14 of 1st period - James van Riemsdyk is hit by Jacob Trouba.
0:24 of 1st period - Shot by Vincent Trocheck.
0:24 of 1st period - Shot Blocked by Adam Boqvist.
0:26 of 1st period - Shot by Nikolaj Ehlers.
0:26 of 1st period - Stopped by Jake Allen without a rebound.
0:27 of 1st period - Thomas Novak wins face-off versus Dillon Dube in NEW JERSEY Devils zone.
1:07 of 1st period - Icing by Lucas Raymond.
1:08 of 1st period - Ryan Donato wins face-off versus Dillon Dube in NEW YORK Islanders zone.
1:09 of 1st period - Shot by Oskar Lindblom.
1:09 of 1st period - Shot Misses the Net.
1:12 of 1st period - Icing by Dillon Dube.
1:13 of 1st period - Dillon Dube wins face-off versus Ryan Donato in NEW YORK Islanders zone.
1:33 of 1st period - Shot by Ryan Donato.
1:33 of 1st period - Shot Misses the Net.
1:35 of 1st period - Shot by Oskar Lindblom.
1:35 of 1st period - Stopped by Ilya Sorokin with a rebound.
1:40 of 1st period - Icing by Lucas Raymond.
1:41 of 1st period - Dillon Dube wins face-off versus Jack Hughes in NEW YORK Islanders zone.
2:18 of 1st period - Shot by Jesper Fast.
2:18 of 1st period - Stopped by Jake Allen without a rebound.
2:19 of 1st period - Vincent Trocheck wins face-off versus Thomas Novak in NEW JERSEY Devils zone.
2:32 of 1st period - Shot by Thomas Novak.
2:32 of 1st period - Shot Misses the Net.
2:42 of 1st period - Shot by Miles Wood.
2:42 of 1st period - Shot Misses the Net.
2:47 of 1st period - Minor Penalty to Connor Brown for Tripping.
2:48 of 1st period - Jack Hughes wins face-off versus Dillon Dube in NEW JERSEY Devils zone.
3:09 of 1st period - Shot by Nikolaj Ehlers.
3:09 of 1st period - Shot Misses the Net.
3:11 of 1st period - Shot by Braden Schneider.
3:11 of 1st period - Stopped by Jake Allen without a rebound.
3:12 of 1st period - Vincent Trocheck wins face-off versus J.T. Compher in NEW JERSEY Devils zone.
3:27 of 1st period - Shot by Lucas Raymond.
3:27 of 1st period - Shot Blocked by Jake Bean.
3:43 of 1st period - Shot by Nino Niederreiter.
3:43 of 1st period - Stopped by Jake Allen with a rebound.
3:45 of 1st period - Shot by Erik Cernak.
3:45 of 1st period - Stopped by Jake Allen without a rebound.
3:46 of 1st period - Jack Hughes wins face-off versus Dillon Dube in NEW JERSEY Devils zone.
3:59 of 1st period - Shot by Braden Schneider.
3:59 of 1st period - Stopped by Jake Allen without a rebound.
4:00 of 1st period - Vincent Trocheck wins face-off versus Jack Hughes in NEW JERSEY Devils zone.
4:07 of 1st period - Shot by Jacob Trouba.
4:07 of 1st period - Deflect By Vincent Trocheck.
4:07 of 1st period - Stopped by Jake Allen without a rebound.
4:08 of 1st period - Dillon Dube wins face-off versus Jack Hughes in NEW JERSEY Devils zone.
4:13 of 1st period - Shot by Nikolaj Ehlers.
4:13 of 1st period - Stopped by Jake Allen without a rebound.
4:14 of 1st period - Lucas Raymond wins face-off versus Jack Hughes in NEW JERSEY Devils zone.
5:04 of 1st period - Icing by Chris Wideman.
5:05 of 1st period - Thomas Novak wins face-off versus Kirby Dach in NEW JERSEY Devils zone.
5:14 of 1st period - Shot by Andreas Athanasiou.
5:14 of 1st period - Shot Blocked by Sebastian D Aho.
5:35 of 1st period - Shot by Jesper Fast.
5:35 of 1st period - Shot Blocked by Thomas Novak.
5:38 of 1st period - Icing by Chris Wideman.
5:39 of 1st period - Thomas Novak wins face-off versus Vincent Trocheck in NEW JERSEY Devils zone.
5:41 of 1st period - Icing by Chris Wideman.
5:42 of 1st period - Vincent Trocheck wins face-off versus Thomas Novak in NEW JERSEY Devils zone.
5:45 of 1st period - Shot by Vincent Trocheck.
5:45 of 1st period - Stopped by Jake Allen without a rebound.
5:46 of 1st period - Jack Hughes wins face-off versus Vincent Trocheck in NEW JERSEY Devils zone.
5:55 of 1st period - Jacob Trouba is hit by James van Riemsdyk and loses puck.
6:00 of 1st period - Shot by J.T. Compher.
6:00 of 1st period - Shot Blocked by Erik Cernak.
6:02 of 1st period - Shot by Adam Boqvist.
6:02 of 1st period - Stopped by Ilya Sorokin without a rebound.
6:03 of 1st period - Dillon Dube wins face-off versus Ryan Donato in NEW YORK Islanders zone.
6:19 of 1st period - Icing by Gustav Nyquist.
6:20 of 1st period - Dillon Dube wins face-off versus Jack Hughes in NEW YORK Islanders zone.
6:24 of 1st period - Ethan Bear is hit by Jon Merrill and loses puck.
6:51 of 1st period - Shot by Gustav Nyquist.
6:51 of 1st period - Shot Blocked by Jon Merrill.
7:21 of 1st period - Shot by Oskar Lindblom.
7:21 of 1st period - Stopped by Ilya Sorokin without a rebound.
7:22 of 1st period - Sean Kuraly wins face-off versus Thomas Novak in NEW YORK Islanders zone.
7:28 of 1st period - Off-side.
7:29 of 1st period - Vincent Trocheck wins face-off versus Thomas Novak in neutral zone.
7:34 of 1st period - Shot by Vincent Trocheck.
7:34 of 1st period - Stopped by Jake Allen without a rebound.
7:35 of 1st period - Vincent Trocheck wins face-off versus Ryan Donato in NEW JERSEY Devils zone.
7:56 of 1st period - Shot by Oskar Lindblom.
7:56 of 1st period - Stopped by Ilya Sorokin without a rebound.
7:57 of 1st period - Jack Hughes wins face-off versus Kirby Dach in NEW YORK Islanders zone.
8:40 of 1st period - Shot by Jack Hughes.
8:40 of 1st period - Stopped by Ilya Sorokin without a rebound.
8:41 of 1st period - Vincent Trocheck wins face-off versus Thomas Novak in NEW YORK Islanders zone.
8:41 of 1st period - Vincent Trocheck is hit by Andreas Athanasiou.
9:00 of 1st period - Shot by Bowen Byram.
9:00 of 1st period - Stopped by Ilya Sorokin without a rebound.
9:01 of 1st period - Oskar Lindblom wins face-off versus Pius Suter in NEW YORK Islanders zone.
9:02 of 1st period - Shot by Ryan Donato.
9:02 of 1st period - Stopped by Ilya Sorokin without a rebound.
9:03 of 1st period - Ryan Donato wins face-off versus Vincent Trocheck in NEW YORK Islanders zone.
9:06 of 1st period - Shot by Kyle Okposo.
9:06 of 1st period - Goal by Kyle Okposo - NEW YORK Islanders : 0 - NEW JERSEY Devils : 1.
9:07 of 1st period - Nino Niederreiter wins face-off versus Jack Hughes in neutral zone.
10:05 of 1st period - Erik Cernak is hit by Jake Bean and loses puck.
10:27 of 1st period - Icing by Bowen Byram.
10:28 of 1st period - Thomas Novak wins face-off versus Pius Suter in NEW JERSEY Devils zone.
10:28 of 1st period - Thomas Novak is hit by Sean Kuraly.
10:33 of 1st period - Icing by Jake Bean.
10:34 of 1st period - Thomas Novak wins face-off versus Dillon Dube in NEW JERSEY Devils zone.
10:47 of 1st period - Shot by Lucas Raymond.
10:47 of 1st period - Stopped by Jake Allen with a rebound.
11:19 of 1st period - Off-side.
11:20 of 1st period - Ryan Donato wins face-off versus Pius Suter in neutral zone.
11:25 of 1st period - Shot by Kyle Okposo.
11:25 of 1st period - Stopped by Ilya Sorokin without a rebound.
11:26 of 1st period - Vincent Trocheck wins face-off versus Ryan Donato in NEW YORK Islanders zone.
11:26 of 1st period - Vincent Trocheck is hit by Ryan Donato.
12:08 of 1st period - Shot by Nino Niederreiter.
12:08 of 1st period - Stopped by Jake Allen without a rebound.
12:09 of 1st period - Kirby Dach wins face-off versus Jack Hughes in NEW JERSEY Devils zone.
12:21 of 1st period - Jack Hughes is hit by Braden Schneider and loses puck.
12:40 of 1st period - Shot by J.T. Compher.
12:40 of 1st period - Shot Misses the Net.
12:42 of 1st period - Shot by J.T. Compher.
12:42 of 1st period - Stopped by Ilya Sorokin without a rebound.
12:43 of 1st period - Thomas Novak wins face-off versus Pius Suter in NEW YORK Islanders zone.
13:04 of 1st period - Shot by Sean Kuraly.
13:04 of 1st period - Goal by Sean Kuraly - NEW YORK Islanders : 1 - NEW JERSEY Devils : 1.
13:05 of 1st period - Ryan Donato wins face-off versus Vincent Trocheck in neutral zone.
13:14 of 1st period - Off-side.
13:15 of 1st period - Jack Hughes wins face-off versus Dillon Dube in neutral zone.
13:44 of 1st period - Shot by Jack Hughes.
13:44 of 1st period - Stopped by Ilya Sorokin without a rebound.
13:45 of 1st period - Vincent Trocheck wins face-off versus Thomas Novak in NEW YORK Islanders zone.
14:02 of 1st period - Shot by Vincent Trocheck.
14:02 of 1st period - Stopped by Jake Allen without a rebound.
14:03 of 1st period - Kirby Dach wins face-off versus Ryan Donato in NEW JERSEY Devils zone.
14:18 of 1st period - Shot by Ryan Donato.
14:18 of 1st period - Deflect By Oskar Lindblom.
14:18 of 1st period - Stopped by Ilya Sorokin without a rebound.
14:19 of 1st period - Vincent Trocheck wins face-off versus Thomas Novak in NEW YORK Islanders zone.
14:44 of 1st period - Shot by Andreas Athanasiou.
14:44 of 1st period - Stopped by Ilya Sorokin with a rebound.
14:53 of 1st period - Thomas Novak is hit by Sebastian D Aho.
15:30 of 1st period - Shot by Jacob Trouba.
15:30 of 1st period - Stopped by Jake Allen without a rebound.
15:31 of 1st period - Ryan Donato wins face-off versus Pius Suter in NEW JERSEY Devils zone.
16:08 of 1st period - Icing by Bowen Byram.
16:09 of 1st period - Ryan Donato wins face-off versus Dillon Dube in NEW JERSEY Devils zone.
16:27 of 1st period - Icing by Jake Bean.
16:28 of 1st period - Vincent Trocheck wins face-off versus Ryan Donato in NEW JERSEY Devils zone.
16:53 of 1st period - Shot by Jack Hughes.
16:53 of 1st period - Stopped by Ilya Sorokin without a rebound.
16:54 of 1st period - Thomas Novak wins face-off versus Kirby Dach in NEW YORK Islanders zone.
17:01 of 1st period - Shot by Miles Wood.
17:01 of 1st period - Stopped by Ilya Sorokin without a rebound.
17:02 of 1st period - Dillon Dube wins face-off versus Jack Hughes in NEW YORK Islanders zone.
17:06 of 1st period - Jacob Trouba is hit by Jon Merrill and loses puck.
17:30 of 1st period - Jack Hughes is hit by Jacob Trouba and loses puck.
17:46 of 1st period - J.T. Compher is hit by Erik Cernak and loses puck.
19:06 of 1st period - Icing by Jake Bean.
19:07 of 1st period - Ryan Donato wins face-off versus Pius Suter in NEW JERSEY Devils zone.
19:52 of 1st period - Icing by Sean Kuraly.
19:53 of 1st period - Pius Suter wins face-off versus Thomas Novak in NEW YORK Islanders zone.
19:58 of 1st period - Shot by Sean Kuraly.
19:58 of 1st period - Stopped by Jake Allen with a rebound.
Goals for this period are 1 for NEW YORK Islanders vs 1 for NEW JERSEY Devils.
Shots for this period are 16 for NEW YORK Islanders vs 15 for NEW JERSEY Devils.

2nd period


0:01 of 2nd period - Jack Hughes wins face-off versus Kirby Dach in neutral zone.
0:10 of 2nd period - Icing by Victor Olofsson.
0:11 of 2nd period - Thomas Novak wins face-off versus Kirby Dach in NEW YORK Islanders zone.
0:11 of 2nd period - Thomas Novak is hit by Jacob Trouba.
0:16 of 2nd period - Minor Penalty to Erik Cernak for Cross-checking.
0:17 of 2nd period - Gustav Nyquist wins face-off versus Jack Hughes in NEW YORK Islanders zone.
0:17 of 2nd period - Gustav Nyquist is hit by J.T. Compher.
0:39 of 2nd period - Shot by J.T. Compher.
0:39 of 2nd period - Shot Misses the Net.
0:41 of 2nd period - Shot by James van Riemsdyk.
0:41 of 2nd period - Goal by James van Riemsdyk - NEW YORK Islanders : 1 - NEW JERSEY Devils : 2.
0:42 of 2nd period - Vincent Trocheck wins face-off versus Thomas Novak in neutral zone.
1:02 of 2nd period - Shot by Andreas Athanasiou.
1:02 of 2nd period - Stopped by Ilya Sorokin without a rebound.
1:03 of 2nd period - Kirby Dach wins face-off versus J.T. Compher in NEW YORK Islanders zone.
1:03 of 2nd period - Kirby Dach is hit by James van Riemsdyk.
1:08 of 2nd period - Erik Cernak is hit by Jon Merrill and loses puck.
1:15 of 2nd period - Shot by Kirby Dach.
1:15 of 2nd period - Shot Misses the Net.
1:17 of 2nd period - Shot by Jesper Fast.
1:17 of 2nd period - Deflect By Victor Olofsson.
1:17 of 2nd period - Stopped by Jake Allen without a rebound.
1:18 of 2nd period - Vincent Trocheck wins face-off versus Thomas Novak in NEW JERSEY Devils zone.
1:50 of 2nd period - Icing by Sebastian D Aho.
1:51 of 2nd period - Vincent Trocheck wins face-off versus Jack Hughes in NEW YORK Islanders zone.
1:51 of 2nd period - Vincent Trocheck is hit by Jack Hughes.
3:17 of 2nd period - Shot by Andreas Athanasiou.
3:17 of 2nd period - Shot Blocked by Jacob Trouba.
3:34 of 2nd period - Jesper Fast is hit by Alexander Petrovic and loses puck.
3:37 of 2nd period - Shot by Kirby Dach.
3:37 of 2nd period - Stopped by Jake Allen without a rebound.
3:38 of 2nd period - Michael McLeod wins face-off versus Ryan Donato in NEW JERSEY Devils zone.
4:01 of 2nd period - Minor Penalty to Oskar Lindblom for Tripping.
4:02 of 2nd period - Vincent Trocheck wins face-off versus Jack Hughes in NEW JERSEY Devils zone.
5:01 of 2nd period - Icing by Dillon Dube.
5:02 of 2nd period - Jack Hughes wins face-off versus Dillon Dube in NEW YORK Islanders zone.
5:55 of 2nd period - J.T. Compher is hit by Vincent Trocheck and loses puck.
7:14 of 2nd period - Off-side.
7:15 of 2nd period - Joel Armia wins face-off versus Vincent Trocheck in neutral zone.
7:39 of 2nd period - Shot by Joel Armia.
7:39 of 2nd period - Shot Blocked by Nino Niederreiter.
7:41 of 2nd period - Shot by Andreas Athanasiou.
7:41 of 2nd period - Shot Misses the Net.
8:13 of 2nd period - Icing by Ethan Bear.
8:14 of 2nd period - Jack Hughes wins face-off versus Dillon Dube in NEW YORK Islanders zone.
8:21 of 2nd period - Shot by J.T. Compher.
8:21 of 2nd period - Shot Misses the Net.
8:40 of 2nd period - Icing by Dillon Dube.
8:41 of 2nd period - Ryan Donato wins face-off versus Dillon Dube in NEW YORK Islanders zone.
9:49 of 2nd period - Shot by James van Riemsdyk.
9:49 of 2nd period - Shot Misses the Net.
9:51 of 2nd period - Shot by Jack Hughes.
9:51 of 2nd period - Stopped by Ilya Sorokin without a rebound.
9:52 of 2nd period - Kirby Dach wins face-off versus Thomas Novak in NEW YORK Islanders zone.
9:52 of 2nd period - Kirby Dach is hit by Joel Armia.
10:20 of 2nd period - Shot by Kirby Dach.
10:20 of 2nd period - Shot Blocked by Alexander Petrovic.
10:22 of 2nd period - Shot by Jesper Fast.
10:22 of 2nd period - Stopped by Jake Allen without a rebound.
10:23 of 2nd period - Vincent Trocheck wins face-off versus Jack Hughes in NEW JERSEY Devils zone.
10:29 of 2nd period - Nino Niederreiter is hit by Bowen Byram and loses puck.
10:37 of 2nd period - Nikolaj Ehlers is hit by Bowen Byram and loses puck.
10:42 of 2nd period - Shot by Vincent Trocheck.
10:42 of 2nd period - Stopped by Jake Allen with a rebound.
10:50 of 2nd period - Shot by Braden Schneider.
10:50 of 2nd period - Shot Blocked by Jake Bean.
10:53 of 2nd period - Minor Penalty to Bowen Byram for High sticking.
10:54 of 2nd period - Dillon Dube wins face-off versus Jack Hughes in NEW JERSEY Devils zone.
11:05 of 2nd period - Shot by Kirby Dach.
11:05 of 2nd period - Shot Misses the Net.
11:07 of 2nd period - Shot by Jacob Trouba.
11:07 of 2nd period - Shot Misses the Net.
11:21 of 2nd period - Jake Bean is hit by Dillon Dube and loses puck.
11:50 of 2nd period - Shot by Ethan Bear.
11:50 of 2nd period - Stopped by Jake Allen without a rebound.
11:51 of 2nd period - Vincent Trocheck wins face-off versus Jack Hughes in NEW JERSEY Devils zone.
11:57 of 2nd period - Shot by Vincent Trocheck.
11:57 of 2nd period - Shot Misses the Net.
12:14 of 2nd period - Shot by Nino Niederreiter.
12:14 of 2nd period - Stopped by Jake Allen without a rebound.
12:15 of 2nd period - Jack Hughes wins face-off versus Dillon Dube in NEW JERSEY Devils zone.
12:38 of 2nd period - Shot by Erik Cernak.
12:38 of 2nd period - Stopped by Jake Allen with a rebound.
12:40 of 2nd period - Shot by Jacob Trouba.
12:40 of 2nd period - Shot Misses the Net.
13:23 of 2nd period - Chris Wideman is hit by Michael McLeod and loses puck.
13:39 of 2nd period - Icing by Ethan Bear.
13:40 of 2nd period - Ryan Donato wins face-off versus Pius Suter in NEW YORK Islanders zone.
13:54 of 2nd period - Minor Penalty to Jesper Fast for High sticking.
13:55 of 2nd period - Sean Kuraly wins face-off versus Jack Hughes in NEW YORK Islanders zone.
14:00 of 2nd period - Shot by J.T. Compher.
14:00 of 2nd period - Shot Blocked by Erik Cernak.
14:02 of 2nd period - Shot by Bowen Byram.
14:02 of 2nd period - Stopped by Ilya Sorokin without a rebound.
14:03 of 2nd period - J.T. Compher wins face-off versus Sean Kuraly in NEW YORK Islanders zone.
14:06 of 2nd period - Shot by Oskar Lindblom.
14:06 of 2nd period - Shot Misses the Net.
15:22 of 2nd period - Shot by Jack Hughes.
15:22 of 2nd period - Shot Misses the Net.
15:24 of 2nd period - Shot by Jake Bean.
15:24 of 2nd period - Stopped by Ilya Sorokin without a rebound.
15:25 of 2nd period - Vincent Trocheck wins face-off versus Jack Hughes in NEW YORK Islanders zone.
15:30 of 2nd period - Shot by Gustav Nyquist.
15:30 of 2nd period - Shot Misses the Net.
15:44 of 2nd period - Braden Schneider is hit by James van Riemsdyk and loses puck.
15:53 of 2nd period - Shot by Jon Merrill.
15:53 of 2nd period - Shot Misses the Net.
16:18 of 2nd period - Victor Olofsson is hit by Alexander Petrovic and loses puck.
16:22 of 2nd period - Minor Penalty to Alexander Petrovic for Roughing.
16:23 of 2nd period - Jack Hughes wins face-off versus Vincent Trocheck in NEW JERSEY Devils zone.
17:06 of 2nd period - Joel Armia is hit by Jacob Trouba and loses puck.
17:18 of 2nd period - Andreas Athanasiou is hit by Erik Cernak and loses puck.
17:24 of 2nd period - Icing by Erik Cernak.
17:25 of 2nd period - Vincent Trocheck wins face-off versus Jack Hughes in NEW YORK Islanders zone.
17:29 of 2nd period - Icing by Jacob Trouba.
17:30 of 2nd period - Jack Hughes wins face-off versus Lucas Raymond in NEW YORK Islanders zone.
17:35 of 2nd period - Shot by Jack Hughes.
17:35 of 2nd period - Shot Misses the Net.
17:37 of 2nd period - Shot by Jon Merrill.
17:37 of 2nd period - Stopped by Ilya Sorokin without a rebound.
17:38 of 2nd period - Dillon Dube wins face-off versus Jack Hughes in NEW YORK Islanders zone.
17:38 of 2nd period - Dillon Dube is hit by James van Riemsdyk.
18:06 of 2nd period - Shot by Ethan Bear.
18:06 of 2nd period - Shot Misses the Net.
18:08 of 2nd period - Shot by Ethan Bear.
18:08 of 2nd period - Stopped by Jake Allen without a rebound.
18:09 of 2nd period - Vincent Trocheck wins face-off versus J.T. Compher in NEW JERSEY Devils zone.
18:20 of 2nd period - Shot by Jacob Trouba.
18:20 of 2nd period - Shot Blocked by J.T. Compher.
18:22 of 2nd period - Shot by Erik Cernak.
18:22 of 2nd period - Shot Misses the Net.
18:45 of 2nd period - Off-side.
18:46 of 2nd period - Ryan Donato wins face-off versus Victor Olofsson in neutral zone.
19:09 of 2nd period - Shot by Jesper Fast.
19:09 of 2nd period - Shot Blocked by Jon Merrill.
19:11 of 2nd period - Shot by Victor Olofsson.
19:11 of 2nd period - Stopped by Jake Allen without a rebound.
19:12 of 2nd period - Jack Hughes wins face-off versus Vincent Trocheck in NEW JERSEY Devils zone.
19:27 of 2nd period - Shot by Vincent Trocheck.
19:27 of 2nd period - Shot Misses the Net.
19:35 of 2nd period - Shot by Vincent Trocheck.
19:35 of 2nd period - Shot Misses the Net.
19:37 of 2nd period - Shot by Erik Cernak.
19:37 of 2nd period - Goal by Erik Cernak - NEW YORK Islanders : 2 - NEW JERSEY Devils : 2.
19:38 of 2nd period - Dillon Dube wins face-off versus Thomas Novak in neutral zone.
19:51 of 2nd period - Joel Armia is hit by Dillon Dube and loses puck.
19:59 of 2nd period - Jon Merrill is hit by Dillon Dube and loses puck.
Goals for this period are 1 for NEW YORK Islanders vs 1 for NEW JERSEY Devils.
Shots for this period are 10 for NEW YORK Islanders vs 6 for NEW JERSEY Devils.

3rd period


0:01 of 3rd period - Jack Hughes wins face-off versus Vincent Trocheck in neutral zone.
0:03 of 3rd period - Adam Boqvist is hit by Vincent Trocheck.
0:04 of 3rd period - Minor Penalty to Jacob Trouba for Holding.
0:05 of 3rd period - Sean Kuraly wins face-off versus James van Riemsdyk in NEW YORK Islanders zone.
0:05 of 3rd period - Sean Kuraly is hit by J.T. Compher.
0:27 of 3rd period - Shot by James van Riemsdyk.
0:27 of 3rd period - Shot Misses the Net.
1:06 of 3rd period - Icing by Andreas Athanasiou.
1:07 of 3rd period - Andreas Athanasiou wins face-off versus Gustav Nyquist in NEW JERSEY Devils zone.
2:10 of 3rd period - Shot by Thomas Novak.
2:10 of 3rd period - Shot Misses the Net.
4:37 of 3rd period - Kyle Okposo is hit by Sean Kuraly.
4:58 of 3rd period - Off-side.
4:59 of 3rd period - Lucas Raymond wins face-off versus Jack Hughes in neutral zone.
5:06 of 3rd period - Shot by Dillon Dube.
5:06 of 3rd period - Shot Blocked by Jon Merrill.
5:09 of 3rd period - Icing by Adam Boqvist.
5:10 of 3rd period - Jack Hughes wins face-off versus Vincent Trocheck in NEW JERSEY Devils zone.
5:29 of 3rd period - Vincent Trocheck is hit by Jon Merrill and loses puck.
5:38 of 3rd period - Shot by Nikolaj Ehlers.
5:38 of 3rd period - Shot Blocked by J.T. Compher.
5:47 of 3rd period - J.T. Compher is hit by Braden Schneider and loses puck.
6:11 of 3rd period - Dillon Dube is hit by Joel Armia and loses puck.
6:25 of 3rd period - Lucas Raymond is hit by Alexander Petrovic and loses puck.
6:36 of 3rd period - Shot by Gustav Nyquist.
6:36 of 3rd period - Deflect By Lucas Raymond.
6:36 of 3rd period - Stopped by Jake Allen with a rebound.
6:38 of 3rd period - Shot by Gustav Nyquist.
6:38 of 3rd period - Shot Misses the Net.
6:59 of 3rd period - Icing by Jesper Fast.
7:00 of 3rd period - Ryan Donato wins face-off versus Kirby Dach in NEW YORK Islanders zone.
8:24 of 3rd period - Shot by Vincent Trocheck.
8:24 of 3rd period - Shot Misses the Net.
8:26 of 3rd period - Shot by Vincent Trocheck.
8:26 of 3rd period - Stopped by Jake Allen with a rebound.
8:28 of 3rd period - Shot by Nino Niederreiter.
8:28 of 3rd period - Shot Blocked by Jon Merrill.
8:30 of 3rd period - Shot by Braden Schneider.
8:30 of 3rd period - Shot Misses the Net.
8:32 of 3rd period - Shot by Nikolaj Ehlers.
8:32 of 3rd period - Shot Misses the Net.
9:02 of 3rd period - Shot by Gustav Nyquist.
9:02 of 3rd period - Shot Misses the Net.
9:04 of 3rd period - Shot by Dillon Dube.
9:04 of 3rd period - Stopped by Jake Allen without a rebound.
9:05 of 3rd period - Pius Suter wins face-off versus Thomas Novak in NEW JERSEY Devils zone.
9:16 of 3rd period - Shot by Pius Suter.
9:16 of 3rd period - Shot Misses the Net.
9:26 of 3rd period - Shot by Pius Suter.
9:26 of 3rd period - Shot Blocked by Alexander Petrovic.
9:28 of 3rd period - Shot by Sean Kuraly.
9:28 of 3rd period - Shot Hit the Post.
9:30 of 3rd period - Shot by Jacob Trouba.
9:30 of 3rd period - Stopped by Jake Allen with a rebound.
9:50 of 3rd period - Jacob Trouba is hit by Andreas Athanasiou and loses puck.
11:00 of 3rd period - Minor Penalty to Kyle Okposo for Hooking.
11:01 of 3rd period - Dillon Dube wins face-off versus Jack Hughes in NEW JERSEY Devils zone.
12:29 of 3rd period - Dillon Dube is hit by Oskar Lindblom and loses puck.
13:03 of 3rd period - Shot by Thomas Novak.
13:03 of 3rd period - Shot Misses the Net.
13:17 of 3rd period - Shot by Miles Wood.
13:17 of 3rd period - Shot Hit the Post.
13:22 of 3rd period - Thomas Novak is hit by Erik Cernak and loses puck.
13:26 of 3rd period - Minor Penalty to Erik Cernak for Boarding.
13:27 of 3rd period - J.T. Compher wins face-off versus Sean Kuraly in NEW YORK Islanders zone.
13:38 of 3rd period - Shot by Kyle Okposo.
13:38 of 3rd period - Stopped by Ilya Sorokin without a rebound.
13:39 of 3rd period - Sean Kuraly wins face-off versus J.T. Compher in NEW YORK Islanders zone.
14:02 of 3rd period - Shot by Jon Merrill.
14:02 of 3rd period - Shot Misses the Net.
14:04 of 3rd period - Shot by Kyle Okposo.
14:04 of 3rd period - Shot Misses the Net.
14:06 of 3rd period - Shot by Adam Boqvist.
14:06 of 3rd period - Stopped by Ilya Sorokin with a rebound.
14:08 of 3rd period - Shot by Jon Merrill.
14:08 of 3rd period - Shot Blocked by Sebastian D Aho.
14:10 of 3rd period - Shot by Adam Boqvist.
14:10 of 3rd period - Goal by Adam Boqvist - NEW YORK Islanders : 2 - NEW JERSEY Devils : 3.
14:11 of 3rd period - Thomas Novak wins face-off versus Vincent Trocheck in neutral zone.
14:46 of 3rd period - Shot by Andreas Athanasiou.
14:46 of 3rd period - Deflect By Thomas Novak.
14:46 of 3rd period - Shot Blocked by Ilya Lyubushkin.
15:22 of 3rd period - Shot by Jack Hughes.
15:22 of 3rd period - Shot Blocked by Erik Cernak.
15:24 of 3rd period - Shot by J.T. Compher.
15:24 of 3rd period - Shot Misses the Net.
15:26 of 3rd period - Shot by J.T. Compher.
15:26 of 3rd period - Shot Misses the Net.
15:28 of 3rd period - Shot by J.T. Compher.
15:28 of 3rd period - Stopped by Ilya Sorokin with a rebound.
15:30 of 3rd period - Shot by J.T. Compher.
15:30 of 3rd period - Stopped by Ilya Sorokin without a rebound.
15:31 of 3rd period - Ryan Donato wins face-off versus Dillon Dube in NEW YORK Islanders zone.
16:01 of 3rd period - Shot by Chris Wideman.
16:01 of 3rd period - Goal by Chris Wideman - NEW YORK Islanders : 2 - NEW JERSEY Devils : 4.
16:02 of 3rd period - Kirby Dach wins face-off versus Jack Hughes in neutral zone.
16:35 of 3rd period - Shot by James van Riemsdyk.
16:35 of 3rd period - Deflect By J.T. Compher.
16:35 of 3rd period - Stopped by Ilya Sorokin with a rebound.
17:12 of 3rd period - Icing by Vincent Trocheck.
17:13 of 3rd period - Vincent Trocheck wins face-off versus Thomas Novak in NEW YORK Islanders zone.
17:36 of 3rd period - Shot by Thomas Novak.
17:36 of 3rd period - Shot Misses the Net.
17:38 of 3rd period - Shot by Thomas Novak.
17:38 of 3rd period - Stopped by Ilya Sorokin without a rebound.
17:39 of 3rd period - Dillon Dube wins face-off versus Ryan Donato in NEW YORK Islanders zone.
17:41 of 3rd period - Icing by Ilya Lyubushkin.
17:42 of 3rd period - Dillon Dube wins face-off versus Ryan Donato in NEW YORK Islanders zone.
17:55 of 3rd period - Shot by Dillon Dube.
17:55 of 3rd period - Stopped by Jake Allen without a rebound.
17:56 of 3rd period - Vincent Trocheck wins face-off versus Thomas Novak in NEW JERSEY Devils zone.
18:05 of 3rd period - Erik Cernak is hit by Joel Armia.
18:10 of 3rd period - Minor Penalty to Bowen Byram for Roughing.
18:11 of 3rd period - Vincent Trocheck wins face-off versus Jack Hughes in NEW JERSEY Devils zone.
18:22 of 3rd period - Shot by Ethan Bear.
18:22 of 3rd period - Shot Misses the Net.
18:24 of 3rd period - Shot by Braden Schneider.
18:24 of 3rd period - Shot Blocked by Adam Boqvist.
18:26 of 3rd period - Shot by Ethan Bear.
18:26 of 3rd period - Stopped by Jake Allen without a rebound.
18:27 of 3rd period - Jack Hughes wins face-off versus Dillon Dube in NEW JERSEY Devils zone.
18:52 of 3rd period - Erik Cernak is hit by James van Riemsdyk and loses puck.
19:04 of 3rd period - Dillon Dube is hit by Jon Merrill and loses puck.
19:15 of 3rd period - Jack Hughes is hit by Kirby Dach and loses puck.
19:26 of 3rd period - Jon Merrill is hit by Dillon Dube and loses puck.
19:28 of 3rd period - Minor Penalty to Dillon Dube for Slashing.
19:29 of 3rd period - Vincent Trocheck wins face-off versus Jack Hughes in NEW YORK Islanders zone.
19:59 of 3rd period - Shot by Nino Niederreiter.
19:59 of 3rd period - Stopped by Jake Allen without a rebound.
Goals for this period are 0 for NEW YORK Islanders vs 2 for NEW JERSEY Devils.
Shots for this period are 7 for NEW YORK Islanders vs 8 for NEW JERSEY Devils. Output by the SimonT Hockey Simulator (STHS) for Martin Benoit - Original Page W3C HTML5 Valid
Hockey Simulator - Hockey Simulation - Hockey Manager